Map: Eternal Empire LE

Players

prospeKt

  • Race: Zerg Zerg
  • League: Platinum
  • Spawn Location: 7:00

furiousMaoz - Winner!

  • Race: Terran Terran
  • League: Platinum
  • Spawn Location: 1:00

VOD

Have the link to the VOD?

Description

Time

  • Played on: June 11, 2020, 8:52 a.m.
  • Length: 13:46
Show
View Real Time Build Order
Export as new Build Order

prospeKt Zerg 

Build Orders: Hatch First 

Get SALT Encoding   

  12  0:01  Drone  
  13  0:12  Overlord  
  13  0:17  Drone  
  14  0:30  Drone x2  
  14  0:34  Drone  
  17  0:53  Hatchery  
  16  0:58  Drone  
  16  1:00  Drone  
  18  1:14  Spawning Pool  
  18  1:16  Drone  
  18  1:22  Drone  
  19  1:28  Drone  
  19  1:30  Extractor  
  19  1:39  Drone  
  20  1:49  Overlord  
  20  2:00  Drone  
  21  2:09  Queen x2, Drone  
  21  2:14  Drone  
  27  2:21  Drone  
  28  2:25  Overlord  
  28  2:31  Drone  
  28  2:36  Drone  
  30  2:39  Overlord  
  29  2:49  Zergling x4  
  31  2:54  Lair  
  31  2:56  Drone  
  32  3:02  Drone  
  32  3:03  Queen  
  35  3:08  Drone  
  35  3:11  Drone  
  37  3:17  Drone  
  38  3:31  Drone x7  
  45  3:39  Drone  
  45  3:40  Drone  
  46  3:48  Drone x2  
  46  3:52  Hatchery  
  44  4:04  Roach Warren  
  44  4:05  Evolution Chamber  
  44  4:06  Evolution Chamber  
  41  4:14  Drone x5, Extractor  
  41  4:15  Drone x3  
  48  4:18  Extractor  
  47  4:24  Drone  
  48  4:42  Overlord x2  
  48  4:46  Roach  
  48  4:47  Drone  
  51  4:59  Spore Crawler  
  50  5:01  Spore Crawler  
  50  5:02  Spore Crawler  
  50  5:04  Spore Crawler  
  47  5:15  Hydralisk Den  
  47  5:16  Extractor  
  40  5:30  Drone  
  40  5:31  Roach x6  
  40  5:32  Roach x2  
  56  5:39  Queen  
  56  5:47  Roach x3  
  56  5:48  Roach  
  60  6:00  Drone x5  
  65  6:04  Drone x4  
  69  6:14  Queen  
  69  6:15  Queen  
  73  6:24  Overlord x4  
  73  6:40  Overlord  
  73  6:41  Overlord x3  
  73  6:43  Grooved Spines  
  73  6:44  Drone  
  73  6:45  Drone x7  
  81  6:50  Spore Crawler, Drone  
  81  6:51  Drone, Extractor  
  81  6:52  Extractor  
  81  6:53  Overseer  
  76  7:16  Drone x6  
  82  7:29  Drone x3  
  85  7:34  Spore Crawler  
  83  7:45  Drone  
  83  7:46  Drone x3  
  87  7:52  Roach  
  87  7:53  Roach  
  87  7:55  Muscular Augments  
  87  7:58  Spine Crawler x2  
  90  8:00  Spine Crawler  
  90  8:01  Spine Crawler  
  90  8:03  Roach  
  90  8:04  Roach x9  
  90  8:05  Spine Crawler  
  106  8:06  Glial Reconstitution  
  106  8:08  Zerg Missile Weapons Level 1  
  106  8:09  Zerg Ground Armor Level 1  
  106  8:21  Roach x5  
  106  8:22  Spine Crawler  
  112  8:30  Roach x4  
  112  8:31  Roach x3  
  89  8:47  Roach x7  
  71  9:06  Roach  
  71  9:07  Roach x8  
  80  9:14  Hydralisk  
  73  9:30  Drone  
  73  9:31  Drone x7  
  75  9:46  Queen  
  75  9:47  Queen  
  75  9:48  Drone x5  
  84  10:01  Drone x7  
  91  10:12  Drone  
  92  10:24  Hydralisk x4  
  92  10:25  Hydralisk  
  102  10:47  Hydralisk  
  102  10:48  Hydralisk x8  
  120  10:58  Hydralisk x3  
  126  11:11  Hydralisk x3  
  90  11:21  Hydralisk x2  
  80  11:26  Hydralisk x6  
  88  11:38  Hydralisk x2  
  80  11:44  Hydralisk x2  
  64  12:01  Drone x2  
  60  12:12  Drone x3  
  63  12:20  Drone x6  
  63  12:21  Hatchery  
  68  12:32  Drone  
  68  12:33  Drone x4  
  73  12:41  Drone x3  
  76  12:52  Hydralisk x8  
  92  13:07  Hydralisk x3  
  98  13:15  Hydralisk x5  
Show
View Real Time Build Order
Export as new Build Order

furiousMaoz Terran - Winner!

Build Orders: Gas First Reaper Expand, Liberator Opening 

Get SALT Encoding   

  12  0:00  SCV  
  13  0:14  SCV  
  14  0:17  Supply Depot  
  14  0:26  SCV  
  15  0:28  Refinery  
  15  0:44  Barracks  
  15  0:46  SCV  
  16  0:58  SCV  
  17  1:10  SCV  
  18  1:22  SCV  
  19  1:32  Reaper  
  20  1:40  Command Center  
  20  1:50  Orbital Command  
  20  2:15  Refinery  
  20  2:16  Factory  
  20  2:18  SCV  
  21  2:29  Barracks Reactor  
  21  2:30  SCV  
  21  2:36  Supply Depot  
  22  2:42  SCV  
  23  2:54  SCV  
  23  2:55  Barracks  
  23  2:57  Orbital Command  
  24  3:06  SCV  
  24  3:11  Starport  
  25  3:17  Hellion  
  27  3:20  Barracks Tech Lab  
  27  3:21  Hellion  
  27  3:24  SCV  
  27  3:26  SCV  
  31  3:38  SCV x2  
  31  3:39  Marine  
  31  3:40  Hellion  
  36  3:49  Marine  
  36  3:50  SCV x2  
  36  3:51  Hellion  
  41  4:03  Liberator  
  44  4:13  SCV x2  
  46  4:17  Supply Depot  
  46  4:19  Barracks Tech Lab  
  46  4:21  Command Center  
  46  4:34  Refinery  
  46  4:35  Supply Depot  
  46  4:38  SCV x2, Stimpack  
  46  4:42  Hellion  
  50  4:50  SCV x2  
  50  4:52  Starport Tech Lab  
  52  5:04  Barracks  
  52  5:05  Marauder  
  52  5:06  SCV x2, Barracks  
  56  5:18  SCV x2  
  58  5:34  SCV x2  
  60  5:44  Marine x2  
  60  5:45  Hellion x2  
  60  5:46  SCV x2, Liberator  
  68  5:58  SCV x2  
  68  6:01  Orbital Command  
  68  6:02  Marauder x2, Barracks Tech Lab  
  68  6:03  Barracks Tech Lab  
  72  6:12  Bunker  
  72  6:14  SCV x2, Bunker  
  72  6:18  Combat Shield  
  74  6:20  Widow Mine  
  74  6:23  Refinery  
  76  6:28  Supply Depot x2  
  76  6:29  Orbital Command  
  76  6:33  Starport  
  76  6:35  Supply Depot, Engineering Bay  
  76  6:37  Engineering Bay  
  76  6:39  Concussive Shells  
  76  6:40  Barracks  
  76  6:47  Raven  
  76  6:48  Marauder x2, Widow Mine  
  76  6:50  Marauder  
  76  6:52  SCV x2  
  88  6:56  Marauder  
  88  6:59  Supply Depot  
  88  7:00  Supply Depot  
  90  7:02  Terran Infantry Weapons Level 1  
  90  7:20  SCV x2, Marauder  
  90  7:21  Marauder  
  90  7:22  Marauder  
  98  7:24  Marauder  
  98  7:25  Starport Reactor  
  98  7:27  Terran Infantry Armor Level 1  
  100  7:30  SCV  
  100  7:31  Armory  
  100  7:35  Refinery  
  101  7:37  Refinery  
  101  7:41  Barracks Reactor, Marine  
  101  7:42  Marine  
  103  7:44  Starport  
  103  7:49  Factory  
  103  7:54  SCV x2  
  105  7:59  Marine x2  
  105  8:00  Marauder x2  
  111  8:17  Marine x2  
  113  8:21  Marine x2  
  108  8:34  Marine  
  108  8:37  Marine x3  
  108  8:39  Marauder, Marine  
  100  8:53  Marauder  
  100  8:54  Marine  
  100  8:55  Marine x2  
  101  8:57  Marine  
  101  9:00  Marine  
  86  9:12  Marine x2  
  86  9:13  Marauder  
  86  9:14  Marine  
  86  9:15  Marauder  
  88  9:18  Marine  
  88  9:23  Hellbat x2, Liberator  
  88  9:24  Raven, Liberator  
  97  9:30  Marine x2  
  101  9:32  Marauder  
  101  9:34  Marauder  
  101  9:36  SCV x3, Marauder  
  101  9:37  Marauder  
  112  9:47  Factory Tech Lab  
  112  9:48  SCV, Marine x2  
  112  9:51  Hellbat x2  
  119  9:53  Marine  
  119  9:55  Marine  
  119  9:56  Starport Reactor  
  119  9:57  Marine x2  
  123  10:02  Terran Infantry Weapons Level 2  
  123  10:06  Marine x2  
  125  10:11  Supply Depot  
  125  10:13  Terran Infantry Armor Level 2  
  125  10:27  Command Center  
  125  10:32  Raven, Marine x2, Medivac x2  
  133  10:45  Command Center  
  133  10:49  Supply Depot  
  133  10:50  Supply Depot x2  
  133  11:02  Hellbat, Marine  
  133  11:04  Marine  
  133  11:06  Marauder  
  133  11:11  Hellbat, Marauder x3  
  140  11:15  Raven  
  134  11:20  Marine  
  134  11:22  Marine  
  130  11:27  Marine  
  130  11:31  Marine x2  
  130  11:32  Marauder  
  135  11:37  Marine  
  136  11:40  Marine  
  136  11:45  Marauder  
  129  11:49  Marine x2  
  129  11:53  Marauder  
  125  11:55  Marine  
  125  11:56  Hellbat x2  
  125  11:57  Medivac x2, Raven, Liberator x2  
  125  11:58  Marine  
  135  12:06  Planetary Fortress, Marauder  
  135  12:07  Marine x2  
  135  12:13  Planetary Fortress, Marine  
  135  12:15  Marauder, Marine  
  138  12:17  Hellbat  
  138  12:18  Hellbat  
  143  12:25  SCV x2, Marauder, Marine  
  143  12:26  SCV  
  143  12:28  Marauder  
  151  12:31  Marine  
  151  12:33  Marine  
  151  12:36  Marauder  
  155  12:39  Hellbat  
  155  12:43  Marine  
  155  12:44  Medivac x2, Liberator  
  160  12:47  Marauder  
  160  12:49  Marine x2  
  169  12:51  Marine  
  169  12:52  Refinery x2  
  169  12:57  Marauder  
  172  13:00  Marine  
  173  13:06  Marine  
  173  13:07  Marine  
  173  13:08  Marine  
  173  13:09  Marine  
  173  13:10  Refinery x2  
  177  13:18  Marine x2  
  179  13:24  Marine  
  179  13:25  Marauder, Marine  
Tags
 
Add a new tag
Caveats
  • Supply blocks, unpowered buildings, or Contaminate may cause inaccurate times.
  • Supply counts are checked every 10 seconds.